 Dungeon Crawl Stone Soup version 0.20-a0-1114-g33edf32 (webtiles) character file.

38 Monsterracer the Firebug (level 3, -1/19 HPs)
             Began as a Deep Elf Fire Elementalist on May 6, 2017.
             Killed from afar by Sigmund (7 damage)
             ... with a magic dart
             ... on level 2 of the Dungeon.
             The game lasted 00:02:06 (970 turns).

Monsterracer the Firebug (DEFE)                      Turns: 970, Time: 00:02:07

Health: -1/19      AC:  2    Str:  5    XL:     3   Next: 25%
Magic:  7/10       EV: 13    Int: 20    God:
Gold:   15         SH:  0    Dex: 15    Spells: 5/9 levels left

rFire    . . .     SeeInvis .   e - +0 mace
rCold    . . .     Gourm    .   (no shield)
rNeg     . . .     Faith    .   a - +0 robe
rPois    .         Spirit   .   (no helmet)
rElec    .         Reflect  .   (no cloak)
rCorr    .         Harm     .   (no gloves)
MR       .....                  (no boots)
Stlth    ++........             (no amulet)
Regen    0.1/turn               (no ring)
MPRegen  0.2/turn               (no ring)

@: no status effects
A: no striking features
a: no special abilities


You were on level 2 of the Dungeon.
You were not hungry.

You visited 1 branch of the dungeon, and saw 2 of its levels.

You collected 15 gold pieces.

Inventory:

Hand Weapons
 e - a +0 mace (weapon)
Armour
 a - a +0 robe (worn)
Scrolls
 d - a scroll of noise {unknown}
 f - a scroll of amnesia {unknown}
Books
 b - a book of Flames

   Spells                             Type                      Level
   a - Flame Tongue                   Conjuration/Fire             1
   b - Throw Flame                    Conjuration/Fire             2
   c - Conjure Flame                  Conjuration/Fire             3
   d - Inner Flame                    Hexes/Fire                   3
   e - Sticky Flame                   Conjuration/Fire             4
   f - Fireball                       Conjuration/Fire             5
Comestibles
 c - a bread ration


   Skills:
 - Level 2.4 Dodging
 - Level 2.4 Stealth
 + Level 3.5 Spellcasting
 * Level 1.9 Conjurations
 * Level 4.2 Fire Magic


You had 5 spell levels left.
You knew the following spells:

 Your Spells              Type           Power        Failure   Level  Hunger
a - Flame Tongue          Conj/Fire      ###..        3%          1    None
b - Conjure Flame         Conj/Fire      ###.....     12%         3    ###....


Dungeon Overview and Level Annotations

Branches:
Dungeon (2/15)

Altars:
Dithmenos
Okawaru
Trog

Annotations:
D:2 Sigmund


Message History

Sigmund the Dreaded comes into view.
He is wielding a scythe.
What are your orders? t - Shout!
Orders for allies: a - Attack new target. r - Retreat! s - Stop attacking. g - Guard the area. f - Follow me.
Anything else - Cancel.
You shout for attention!
You hear a shout!
Sigmund gestures at you while chanting. The puff of flame hits you!
Ouch! That really hurt!
You see here a dagger.
Casting: Flame Tongue
Confirm with . or Enter, or press ? or * to list all spells.
Aiming: Conjure Flame
Press: ? - help, Dir - move target cursor The fire ignites!
Sigmund gestures at you while chanting. The magic dart hits you!
You die...

#... ##.. # #8.. #.# ##..
...@###### #[. #......#
##.. #......# #8..
#......########### ####..
#.....)ยง@......#8###8##..
#......#######...........
#......# #...........
#.......# #...........
.........# ###8###8###8
##.......# ### ### ##
#########


You could see Sigmund.

Vanquished Creatures
  2 adders (D:2)
  An ooze (D:1)
  A dart slug (D:1)
  4 bats
  A giant cockroach (D:1)
  2 goblins (D:2)
  2 hobgoblins (D:1)
  A rat (D:1)
14 creatures vanquished.

Notes
Turn   | Place    | Note
-------+----------+-------------------------------------------
     0 | D:1      | Monsterracer the Deep Elf Fire Elementalist began the quest for the Orb.
     0 | D:1      | Reached XP level 1. HP: 10/10 MP: 6/6
   167 | D:1      | Reached XP level 2. HP: 15/15 MP: 5/8
   770 | D:2      | Found a shadowy altar of Dithmenos.
   812 | D:2      | Found an iron altar of Okawaru.
   817 | D:2      | Reached skill level 4 in Fire Magic
   820 | D:2      | Reached XP level 3. HP: 19/19 MP: 2/9
   825 | D:2      | Learned a level 3 spell: Conjure Flame
   898 | D:2      | Found a bloodstained altar of Trog.
   965 | D:2      | Noticed Sigmund
   970 | D:2      | Killed from afar by Sigmund

Vault maps used:
D:1:      onia_arrival_pentagram
D:2:      grunt_temple_overflow_open, grunt_dithmenos_smoke,
          serial_corexii_hall, corexii_hall_statues_l, corexii_hall_statues_l,
          corexii_hall_statues_i, nicolae_ru_sacrificial_ziggurat, uniq_sigmund,
          uniq_robin

Skill      XL: |  1  2 |
---------------+-------+-----
Fire Magic     | 4 |  4.2
Dodging        | |  2.4
Stealth        | |  2.4
Spellcasting   | |  3.5
Conjurations   | |  1.9

Action                   || total
-------------------------++-------
 Cast: Flame Tongue      ||    33
       Conjure Flame     ||     1
Armor: Robe              ||     1
Dodge: Dodged            ||     4
